 Dungeon Crawl Stone Soup version 0.28-a0-828-g0121872642 (webtiles) character file.

Game seed: 3103413676738331515

51 Sweebthomas the Insei (level 3, 0/26 HPs)
             Began as an Octopode Monk on Nov 11, 2021.
             Succumbed to an adder's poison
             ... on level 2 of the Dungeon.
             The game lasted 00:02:56 (1775 turns).

Sweebthomas the Insei (Octopode Monk)               Turns: 1775, Time: 00:02:57

Health: 0/26       AC:  1    Str: 11    XL:     3   Next: 81%
Magic:  3/3        EV: 14    Int: 12    God:
Gold:   76         SH:  0    Dex: 14    Spells: 2/2 levels left

rFire   . . .      SeeInvis .     - Unarmed
rCold   . . .      Faith    .   (no shield)
rNeg    . . .      Spirit   .   (helmet restricted)
rPois   .          Reflect  .   (no amulet)
rElec   .          Harm     .   (no ring)
rCorr   .          Rampage  .   (no ring)
Will    .....                   (no ring)
Stlth   +++.......              (no ring)
HPRegen 0.08/turn               (no ring)
MPRegen 0.08/turn               (no ring)
                                (no ring)
                                (no ring)

@: lethally poisoned (0 -> -1)
A: almost no armour, amphibious, 8 rings, camouflage 1, gelatinous body 1,
(nimble swimmer 1), tentacles
a: no special abilities


You were on level 2 of the Dungeon.
You visited 1 branch of the dungeon, and saw 3 of its levels.

You collected 76 gold pieces.

Inventory:

Potions
 a - 3 potions of attraction


   Skills:
 + Level 3.3 Fighting
 + Level 3.3 Dodging
 + Level 3.5 Stealth
 * Level 3.7 Unarmed Combat


You had 2 spell levels left.
You didn't know any spells.
Your spell library contained the following spells:

 Spells                   Type           Power      Damage    Failure   Level
 Sting                    Tmut/Pois      0%         1d3       32%         1
 Poisonous Vapours        Pois/Air       0%         N/A       45%         2
 Ignite Poison            Fire/Tmut/Pois 0%         N/A       69%         3
 Mephitic Cloud           Conj/Pois/Air  0%         N/A       69%         3
 Summon Guardian Golem    Hex/Summ       0%         N/A       69%         3
 Olgreb's Toxic Radiance  Pois           0%         N/A       97%         4
 Freezing Cloud           Conj/Ice/Air   0%         6-21      100%        5
 Dragon's Call            Summ           0%         N/A       100%        9


Dungeon Overview and Level Annotations

Branches:
Dungeon (3/15)

Altars:

Annotations:
D:2 Sigmund
D:3 Grinder


Innate Abilities, Weirdness & Mutations

You cannot wear most types of armour.
You are amphibious.
You can wear up to eight rings at the same time.
Your skin changes colour to match your surroundings (Stealth+).
Your rubbery body absorbs attacks. (AC +1, EV +1)
((You are camouflaged near water. (Stealth+)))
You have tentacles for arms and can constrict up to eight enemies at once.


Message History

The adder bites you. The adder barely misses you.
You closely miss the adder. You grab the adder.
You constrict the adder, but do no damage.
The adder barely misses you.
You tentacle-slap the adder.
The adder is moderately wounded.
You constrict the adder. The adder closely misses you.
The adder barely misses you.
You tentacle-slap the adder. You squeeze the adder.
The adder is heavily wounded.
You constrict the adder. The adder barely misses you.
You release your grip on the adder.
The adder barely misses you. The adder closely misses you.
The adder completely misses you. The adder bites you.
The adder closely misses you. The adder bites you.
You are poisoned.
The adder poisons you!
You feel sick. The adder bites you.
* * * LOW HITPOINT WARNING * * *
* * * LOW HITPOINT WARNING * * *
You feel sick.
Sigmund appears from thin air!
Reactivating autopickup.
* * * LOW HITPOINT WARNING * * *
You feel sick. The adder barely misses you.
* * * LOW HITPOINT WARNING * * *
You feel sick.
Sigmund casts a spell.
Sigmund flickers and vanishes!
Deactivating autopickup; reactivate with Ctrl-A.
* * * LOW HITPOINT WARNING * * *
You feel sick.
Okay, then.
You miss the adder. You grab the adder.
The adder is heavily wounded.
You constrict the adder.
You die...

.# #.##.# #.#######.### #.#
#######.##.###............
#.#####..†....^...########.....#
........#####.#...# #.....#
#.#####.# #.....# #.....# ##.#
#.# #.....#########....#
...#####.#####..............###.#
.................#.##............
##.......####..S@......#####.....
##.)####.#####.###.##..# #.##..
###.# #....#≈.≈#......# #.##..
###.####....#≈.≈#<.###.# #.....
.......#....#≈.≈#### #.#####.###>
.♣♣♣♣..#....#≈.≈# #.......# #. .♣
♣♣.##...#≈{≈# ######.## #. .♣
♣.###.##≈.≈# #... .♣ ♣.# #.##≈.≈#
...## #


You could see an adder.

Vanquished Creatures
  A worm (D:2)
  3 dart slugs (D:1)
  6 ball pythons
  2 endoplasms
  4 giant cockroaches
  2 goblins (D:2)
  2 hobgoblins
  3 jackals (D:2)
  3 quokkas
  5 bats (D:1)
  A frilled lizard (D:1)
  3 kobolds
  4 rats
39 creatures vanquished.

Notes
Turn   | Place    | Note
-------+----------+-------------------------------------------
     0 | D:1      | Sweebthomas the Octopode Monk began the quest for the Orb.
     0 | D:1      | Reached XP level 1. HP: 16/16 MP: 1/1
    90 | D:1      | Reached XP level 2. HP: 11/21 MP: 2/2
   606 | D:1      | Reached XP level 3. HP: 26/26 MP: 3/3
  1158 | D:2      | Noticed Sigmund
  1400 | D:2      | Got Sif Muna's Reference Book on Creation
  1648 | D:3      | Noticed Grinder
  1774 | D:2      | HP: 1/26 [poisoned by an adder]
  1775 | D:2      | Succumbed to an adder's poison

Illustrated notes

Levels and vault maps discovered:
D:1:      nicolae_arrival_memento_mori, layout_basic, minmay_tripent
D:2:      layout_loops_ring, minmay_misc_feat_rows, nrook_campfire,
          amcnicky_mini_rare_corridor_liquid, uniq_sigmund
D:3:      layout_loops_ring, serial_forest, infiniplex_forest_lined_room_3,
          infiniplex_forest_end_2, infiniplex_forest_clump_small,
          infiniplex_forest_end_1, infiniplex_forest_clump_large,
          infiniplex_forest_lined_3_way, infiniplex_forest_lined_corner,
          infiniplex_forest_clump_tiny, infiniplex_forest_zigzag_2,
          uniq_jessica, uniq_grinder

Skill      XL: |  1  2 |
---------------+-------+-----
Stealth        | 3 |  3.5
Fighting       | |  3.3
Dodging        | |  3.3
Unarmed Combat | |  3.7

Action                   || total
-------------------------++-------
Melee: Unarmed           ||    84
       Constrict         ||    25
       Tentacles         ||    13
  Use: Scroll            ||     3
 Stab: Sleeping          ||    13
Armor: Skin              ||     9
Dodge: Dodged            ||    66

Table legend: (Time is in decaauts)
 A = Elapsed time spent in this place.
 B = Non-inter-level travel time spent in this place.
 C = Inter-level travel time spent in this place.
 D = Time resting spent in this place.
 E = Time spent auto-exploring this place.
 F = Levels seen in this place.
 G = Mean time per level.
                   A        B        C        D        E       F      G
               +--------+--------+--------+--------+--------+-----+--------+
         Total |   1770 |   1664 |    106 |    369 |    804 |   3 |  590.0 |
       Dungeon |   1770 |   1664 |    106 |    369 |    804 |   3 |  590.0 |
               +--------+--------+--------+--------+--------+-----+--------+

Top non-repeatable levels by time:
     D:1: 1149 daAuts
     D:2: 619 daAuts
     D:3: 1 daAuts
